Map: Deathaura LE

Players

NeoSecond - Winner!

  • Race: Protoss Protoss
  • League: Platinum
  • Spawn Location: 5:00

A.I. 1 (Harder)

  • Race: Terran Terran
  • Spawn Location: 11:00

VOD

https://youtu.be/PmSrYtYGqdw

Description

New Replay: 11th of June 2020 (Patch 4.12.0) - Harstem explains this BO (Build Order) in much detail. He saw this BO in 2020 GSL S1 (Round Of Eight), where PartinG knocked out Maru.

Harstem explains Timings and Benchmarks of this build. Your main goal is to hit

41 Probe, 11 Stalkers, 1 Observer, 1 Prism, 1 Adept

at 5:07.

Depending on the map, your attack hits at 5:30.

Time

  • Played on: June 11, 2020, 10:56 a.m.
  • Length: 6:58
Show
View Real Time Build Order
Export as new Build Order

NeoSecond Protoss - Winner!

Build Orders: 1 Gate Expand, Blink Stalkers 

Get SALT Encoding   

  12  0:00  Probe  
  13  0:12  Probe  
  14  0:18  Pylon  
  14  0:24  Probe  
  15  0:37  Probe  
  15  0:38  Gateway  
  16  0:45  Probe  
  16  0:46  Assimilator  
  17  0:54  Probe  
  18  1:06  Probe  
  19  1:18  Probe  
  20  1:25  Cybernetics Core  
  20  1:35  Nexus  
  20  1:37  Probe  
  21  1:45  Pylon  
  21  1:50  Assimilator  
  21  1:52  Adept  
  21  2:02  Warp Gate  
  21  2:04  Probe  
  24  2:12  Stalker  
  24  2:16  Probe  
  27  2:28  Probe  
  27  2:29  Twilight Council  
  28  2:38  Pylon  
  28  2:39  Stalker  
  30  2:55  Robotics Facility  
  30  2:58  Probe  
  31  2:59  Probe  
  31  3:02  Blink  
  32  3:10  Probe  
  32  3:11  Probe  
  34  3:22  Probe  
  34  3:23  Probe  
  36  3:37  Gateway  
  36  3:41  Gateway  
  36  3:42  Probe  
  36  3:43  Observer  
  36  3:48  Gateway  
  38  3:49  Probe  
  38  3:53  Stalker  
  41  3:57  Probe  
  41  4:01  Probe  
  43  4:05  Warp Prism  
  43  4:09  Probe  
  46  4:17  Assimilator, Stalker  
  46  4:21  Pylon  
  46  4:23  Probe  
  49  4:24  Probe  
  50  4:35  Probe, Stalker  
  53  4:40  Stalker  
  53  4:42  Pylon  
  55  4:47  Probe x2  
  55  4:50  Stalker  
  55  4:51  Stalker  
  59  5:03  Stalker  
  61  5:08  Probe  
  61  5:11  Stalker  
  64  5:26  Stalker x2  
  64  5:28  Nexus  
  68  5:34  Stalker  
  70  5:38  Pylon  
  68  5:51  Pylon  
  68  5:54  Gateway  
  68  5:55  Gateway  
  66  5:59  Stalker x3  
  66  6:01  Stalker  
  74  6:18  Probe x2  
  76  6:21  Stalker  
  76  6:22  Stalker x3  
  82  6:41  Probe x3  
  82  6:45  Stalker  
  82  6:46  Stalker x2  
  95  6:48  Sentry  
Show
View Real Time Build Order
Export as new Build Order

A.I. 1 (Harder) Terran 

Build Orders:  

Get SALT Encoding   

  12  0:00  SCV  
  13  0:13  SCV  
  14  0:19  Supply Depot  
  14  0:25  SCV  
  15  0:40  SCV  
  16  0:43  Barracks  
  16  0:52  SCV  
  17  1:05  SCV  
  18  1:15  Command Center  
  18  1:32  Orbital Command, Marine  
  19  1:35  Supply Depot  
  19  1:45  Refinery  
  19  1:49  Marine  
  20  1:57  SCV  
  20  2:00  Barracks  
  21  2:07  Refinery  
  21  2:10  SCV  
  22  2:19  Barracks Tech Lab  
  22  2:23  SCV  
  23  2:35  SCV  
  23  2:37  Marine  
  25  2:47  Marine  
  26  2:51  Refinery  
  26  2:53  Refinery  
  26  2:57  SCV  
  26  2:58  Reaper  
  28  3:02  SCV  
  29  3:07  Barracks Tech Lab  
  29  3:09  SCV  
  30  3:14  SCV  
  31  3:21  SCV  
  31  3:24  Factory  
  31  3:26  SCV  
  33  3:30  Marine  
  33  3:33  SCV  
  33  3:34  Supply Depot  
  35  3:35  Marauder  
  35  3:38  SCV  
  38  3:46  Factory  
  40  3:48  Marauder  
  40  3:57  Marauder  
  42  4:10  Starport  
  42  4:12  Factory Tech Lab, Starport  
  42  4:15  Reaper  
  43  4:29  Factory Tech Lab  
  43  4:33  Siege Tank  
  46  4:39  Supply Depot  
  46  4:47  Viking, SCV  
  46  4:49  Starport Tech Lab  
  46  4:52  SCV  
  50  4:58  Reaper  
  50  4:59  SCV  
  51  5:04  Stimpack, SCV  
  52  5:08  Banshee  
  52  5:11  SCV  
  56  5:14  Supply Depot  
  56  5:16  SCV  
  56  5:17  Starport Tech Lab  
  56  5:20  Combat Shield  
  57  5:23  SCV  
  57  5:28  SCV  
  59  5:32  Engineering Bay  
  59  5:36  SCV  
  59  5:40  SCV  
  61  5:46  Reaper  
  61  5:48  SCV  
  45  5:57  Marine  
  45  5:59  Viking  
  47  6:06  Viking  
  42  6:17  Marine  
  29  6:28  Marine  
  23  6:38  Marine  
Tags
 
Composition
Blink Stalkers
League
Platinum
Matchup
PvT
Spawn Locations
Cross Positions
Add a new tag
Caveats
  • Supply blocks, unpowered buildings, or Contaminate may cause inaccurate times.
  • Supply counts are checked every 10 seconds.